 Dungeon Crawl Stone Soup version 0.31-a0-859-g9dce7d3444 (webtiles) character file.

Game seed: 11651157793232038401

208 Atlas the Magician (level 5, -5/35 HPs)
             Began as a Demonspawn Fire Elementalist on Oct 9, 2023.
             Slain by Natasha (7 damage)
             ... on level 3 of the Dungeon.
             The game lasted 00:05:05 (2529 turns).

Atlas the Magician (Demonspawn Fire Elementalist)   Turns: 2529, Time: 00:05:06

Health: -5/35      AC:  6    Str:  8    XL:     5   Next: 55%
Magic:  9/10       EV: 11    Int: 19    God:
Gold:   92         SH:  0    Dex: 13    Spells: 8/11 levels left

rFire   . . .        (no weapon)
rCold   . . .        (no shield)
rNeg    . . .        c - +0 leather armour
rPois   .            (helmet restricted)
rElec   .            (no cloak)
rCorr   .            (no gloves)
SInv    .            l - +2 pair of boots
Will    .....        m - amulet of magic regeneration
Stlth   ++           (no ring)
HPRegen 0.25/turn    (no ring)
MPRegen 0.52/turn

%: no passive effects
@: no status effects
A: horns 1, ignite blood 1
a: no special abilities


You were on level 3 of the Dungeon.
You visited 1 branch of the dungeon, and saw 3 of its levels.

You collected 92 gold pieces.

Inventory:

Armour
 c - a +0 leather armour (worn)
 d - the +0 kite shield of Jifim {rC+}
   (You found it on level 2 of the Dungeon)

   rC+:       It protects you from cold.
 l - a +2 pair of boots (worn)
 n - an orb of energy
 r - a +0 helmet
Jewellery
 m - an amulet of magic regeneration (around neck)
Talismans
 i - a flux talisman
Scrolls
 a - a scroll of enchant weapon {unknown}
 e - 2 scrolls of teleportation {unknown}
 f - 2 scrolls of enchant armour {unknown}
 g - a scroll of acquirement {unknown}
 j - a scroll of vulnerability {unknown}
 o - a scroll of blinking {unknown}
 p - a scroll of identify {unknown}
 q - a scroll of noise {unknown}
Potions
 h - a potion of curing
 k - a potion of haste {unknown}


   Skills:
 + Level 0.1 Fighting
 + Level 1.5 Armour
 + Level 2.0 Dodging
 + Level 1.9 Stealth
 + Level 0.1 Unarmed Combat
 + Level 3.6 Spellcasting
 + Level 2.1 Conjurations
 + Level 3.6 Fire Magic


You had 8 spell levels left.
You knew the following spells:

 Your Spells              Type           Power      Damage    Failure   Level
a - Scorch                Fire           34%        2d6       7%          2
b - Foxfire               Conj/Fire      56%        2x1d6     6%          1

Your spell library contained the following spells:

 Spells                   Type           Power      Damage    Failure   Level
 Inner Flame              Hex/Fire       10%        N/A       28%         3
 Volatile Blastmotes      Fire/Tloc      20%        2d11      28%         3
 Ensorcelled Hibernation  Hex/Ice        6%         N/A       30%         2
 Passwall                 Tmut/Erth      2%         N/A       30%         2
 Hailstorm                Conj/Ice       7%         3d4       36%         3
 Swiftness                Air            3%         N/A       52%         3
 Flame Wave               Conj/Fire      14%        2d6       52%         4
 Summon Ice Beast         Ice/Summ       3%         N/A       90%         4
 Simulacrum               Ice/Necr       1%         N/A       100%        6


Dungeon Overview and Level Annotations

Branches:
Dungeon (3/15)

Altars:

Annotations:
D:3 Natasha


Innate Abilities, Weirdness & Mutations

You have a pair of small horns on your head.
Your demonic aura sometimes causes spilled blood to erupt in flames.


Message History

Casting: Scorch (safe; 9% risk of failure)
Confirm with . or Enter, or press ? or * to list all spells.
Flames lash Natasha.
Natasha is severely wounded.
Natasha's fire resistance burns away.
Natasha claws you.
Your magical contamination has completely faded away.
Casting: Scorch (safe; 9% risk of failure)
Confirm with . or Enter, or press ? or * to list all spells.
Flames lash the ogre.
The ogre is burned terribly!
You kill the ogre!
Natasha completely misses you.
You have reached level 5!
Your demonic ancestry asserts itself...
A pair of horns grows on your head!
Casting: Scorch (safe; 7% risk of failure)
Confirm with . or Enter, or press ? or * to list all spells.
You don't have enough magic to cast this spell.
Natasha claws you but does no damage. Natasha claws you.
Natasha is no longer more vulnerable to fire.
Natasha closely misses you. Natasha closely misses you. Natasha claws you!
* * * LOW HITPOINT WARNING * * *
Natasha claws you.
* * * LOW HITPOINT WARNING * * *
Natasha closely misses you. Natasha attacks as she pursues you!
Natasha misses you. Natasha barely misses you.
Natasha claws you but does no damage. Natasha barely misses you.
Natasha casts a spell at you. You resist with some effort.
Natasha claws you but does no damage. Natasha claws you.
* * * LOW HITPOINT WARNING * * *
Natasha claws you but does no damage. Natasha claws you!
You die...
Natasha begins licking her fur clean.

############ #. .# ............
#. .# ##..[...#### #=####.#
#......#### #......# #.....†....
#.....##########.......###
#......................###
#####....####.........(..<.<.. .
#........<).h@..........###†#. .#
#.....)..####.........#.#...#.
...#....##.............#.#^##.##.
...#)...########....#### #. #....
........# #....# # #.#####.
........# #.!..# #.#.......
..##...###.#. #....# #.......#. #
##........ ...... ..........
#.####.#. ..# #####...##


You could see Natasha.

Vanquished Creatures
  An ogre (D:3)
  Natasha (D:3)
  4 adders
  2 worms (D:2)
  A dart slug (D:2)
  5 orcs (D:3)
  5 ball pythons
  6 bats
  An endoplasm (D:3)
  A giant cockroach (D:3)
  3 goblins
  6 hobgoblins
  4 quokkas (D:2)
  3 frilled lizards
  6 kobolds
  3 rats
52 creatures vanquished.

Vanquished Creatures (others)
  174 foxfires
174 creatures vanquished.

Grand Total: 226 creatures vanquished

Notes
Turn   | Place    | Note
-------+----------+-------------------------------------------
     0 | D:1      | Atlas the Demonspawn Fire Elementalist began the quest for
                  | the Orb.
     0 | D:1      | Reached XP level 1. HP: 13/13 MP: 3/3
    17 | D:1      | Found a faded altar of an unknown god.
    78 | D:1      | You fall into a shaft and drop 1 floor!
   283 | D:2      | Identified the +0 kite shield of Jifim {rC+}
   427 | D:1      | Gained mutation: Your demonic aura sometimes causes spilled
                  | blood to erupt in flames. [demonic ancestry]
   427 | D:1      | Reached XP level 2. HP: 19/19 MP: 0/5
  1411 | D:2      | Reached XP level 3. HP: 21/24 MP: 3/6
  1415 | D:2      | Learned a level 2 spell: Scorch
  2151 | D:3      | Noticed Natasha
  2167 | D:3      | Killed Natasha
  2168 | D:3      | Reached skill level 1 in Armour
  2168 | D:3      | Reached XP level 4. HP: 9/30 MP: 2/7
  2491 | D:3      | Noticed Natasha
  2491 | D:3      | Noticed an ogre
  2513 | D:3      | Killed an ogre
  2514 | D:3      | Gained mutation: You have a pair of small horns on your
                  | head. [demonic ancestry]
  2514 | D:3      | Reached XP level 5. HP: 18/35 MP: 1/10
  2527 | D:3      | HP: 1/35 [Natasha (4)]
  2529 | D:3      | Slain by Natasha

Illustrated notes

Levels and vault maps discovered:
D:1:      dpeg_arrival_houses_and_road, layout_rooms, basic_ecumenical_altar
D:2:      cheibrodos_old_hovel, layout_basic
D:3:      layout_basic, lemuel_round_altar, uniq_natasha

Skill      XL: |  1  2  3  4 |
---------------+-------------+-----
Fire Magic     | 3 |  3.6
Dodging        | 2 |  2.0
Conjurations   | 2 |  2.1
Armour         | 1 |  1.5
Spellcasting   | 3 |  3.6
Fighting       | |  0.1
Stealth        | |  1.9
Unarmed Combat | |  0.1

Action                     |  1- 3 |  4- 6 || total
---------------------------+-------+-------++-------
  Melee: Unarmed           |    32 |       ||    32
   Cast: Foxfire           |    82 |    16 ||    98
         Scorch            |    11 |    23 ||    34
    Use: Potion            |       |     2 ||     2
 Armour: Leather armour    |    35 |    25 ||    60
  Dodge: Dodged            |    28 |    20 ||    48

Table legend: (Time is in decaauts)
 A = Elapsed time spent in this place.
 B = Non-inter-level travel time spent in this place.
 C = Inter-level travel time spent in this place.
 D = Time resting spent in this place.
 E = Time spent auto-exploring this place.
 F = Levels seen in this place.
 G = Mean time per level.
                   A        B        C        D        E       F      G
               +--------+--------+--------+--------+--------+-----+--------+
         Total |   2530 |   2461 |     69 |    119 |   1862 |   3 |  843.3 |
       Dungeon |   2530 |   2461 |     69 |    119 |   1862 |   3 |  843.3 |
               +--------+--------+--------+--------+--------+-----+--------+

Top non-repeatable levels by time:
     D:2: 1469 daAuts
     D:1: 742 daAuts
     D:3: 318 daAuts
